 Dungeon Crawl Stone Soup version 0.20-a0-618-gbb8d3ca (webtiles) character file.

2972 M4edhros the Covert (level 9, -5/58 HPs)
             Began as an Octopode Artificer on Feb 9, 2017.
             Was an Initiate of Gozag.
             Killed from afar by Erica (34 damage)
             ... with an orb of energy
             ... on level 8 of the Dungeon.
             The game lasted 00:11:47 (6999 turns).

M4edhros the Covert (Octopode Artificer)            Turns: 6999, Time: 00:11:47

Health: -5/58      AC:  1    Str: 11    XL:     9   Next: 82%
Magic:  11/11      EV: 21    Int: 14    God:    Gozag
Gold:   206        SH:  7    Dex: 15    Spells: 8/8 levels left

rFire    . . .     SeeInvis .   h - +0 dagger (elec)
rCold    . . .     Gourm    .   u - +2 buckler
rNeg     . . .     Faith    .   (helmet restricted)
rPois    .         Spirit   .   G - amulet of rage
rElec    .         Reflect  .   K - ring of wizardry
rCorr    .         Harm     .   q - +4 ring of evasion
MR       .....                  (no ring)
Stlth    ++++++....             (no ring)
Regen    0.2/turn               (no ring)
                                (no ring)
                                (no ring)
                                (no ring)

@: gold aura
A: almost no armour, stealthy swim, amphibious, 8 rings, constrict 8, camouflage
1, gelatinous body 1
a: Potion Petition, Call Merchant, Bribe Branch, Renounce Religion, Evoke
Berserk Rage


You were on level 8 of the Dungeon.
You worshipped Gozag.
Gozag was aware of your devotion.
You were hungry.

You visited 2 branches of the dungeon, and saw 9 of its levels.
You also visited: Sewer.

You collected 922 gold pieces.
You paid 716 gold pieces to Gozag.

Inventory:

Hand Weapons
 h - a +0 dagger of electrocution (weapon)
 p - a +0 hunting sling
 J - a +1 hunting sling of velocity
Missiles
 l - 55 sling bullets
 n - 192 stones (quivered)
Armour
 u - a +2 buckler (worn)
Jewellery
 q - a +4 ring of evasion (right tentacle)
 G - an amulet of rage (around mantle)
 K - a ring of wizardry (left tentacle)
Wands
 b - a wand of flame (25/48)
 c - a wand of enslavement (0/24)
 d - a wand of random effects (0/48)
 r - a wand of polymorph (4/24)
 A - a wand of iceblast (0/15)
Scrolls
 a - a scroll of torment {unknown}
 j - 2 scrolls of remove curse
 t - 2 scrolls of teleportation
 x - 4 scrolls of identify
 z - 2 scrolls of enchant weapon {unknown}
 C - a scroll of blinking {unknown}
 E - a scroll of recharging
 F - a scroll of fog {unknown}
 L - a scroll of amnesia {unknown}
Potions
 e - a potion of cancellation
 g - a potion of brilliance
 k - 3 potions of might
 m - a potion of cure mutation
 o - a potion of heal wounds {unknown}
 v - a potion of degeneration {unknown}
 w - a potion of flight {unknown}
 D - a potion of invisibility {unknown}
 I - a potion of magic {unknown}
Books
 y - a book of Maledictions

   Spells                             Type                      Level
   a - Corona                         Hexes                        1
   b - Ensorcelled Hibernation        Hexes/Ice                    2
   c - Confuse                        Hexes                        3
   d - Tukima's Dance                 Hexes                        3
   e - Dazzling Spray                 Conjuration/Hexes            3
Comestibles
 f - 3 bread rations
 s - 6 fruits
 B - a meat ration


   Skills:
 + Level 4.2 Fighting
 - Level 1.0 Short Blades
 * Level 3.3 Slings
 * Level 6.8 Dodging
 + Level 12.5 Stealth
 - Level 4.2 Shields
 - Level 3.2 Evocations


You had 8 spell levels left.
You didn't know any spells.

Dungeon Overview and Level Annotations

Branches:
Dungeon (8/15)             Temple (1/1) D:4
   Lair: D:8-11

Altars:
Ashenzari
Cheibriados
Dithmenos
Elyvilon
Fedhas
Gozag
Hepliaklqana
Kikubaaqudgha
Makhleb
Nemelex Xobeh
Okawaru
Qazlal
Ru
Sif Muna
Trog
Uskayaw
Vehumet
Xom
Yredelemnul
Zin
The Shining One

Shops:
D:6 %   D:8 !(

Annotations:
D:8 Erica


Innate Abilities, Weirdness & Mutations

You cannot wear most types of armour.
You are very stealthy in the water. (Stealth+)
You are amphibious.
You can wear up to eight rings at the same time.
You can use your tentacles to constrict eight enemies at once.
Your skin changes colour to match your surroundings (Stealth+).
Your rubbery body absorbs attacks. (AC +1, EV +1)


Message History

Press: ? - help, Shift-Dir - straight line, f - centaur, p - killer bee
Aim: a centaur, wielding a shortbow (lightly wounded, chance to defeat MR: 55%)
The centaur is charmed.
This wand has 1 charge left.
You block the killer bee's attack. Something bites your centaur.
The killer bee stings you.
Evoke which item? (* to show all) (? for menu, Esc to quit)
Aiming: Enslavement
Press: ? - help, Shift-Dir - straight line, f - killer bee, p - centaur
Aim: a killer bee (chance to defeat MR: 64%)
The killer bee is charmed.
This wand has 0 charges left.
The hound bites your centaur but does no damage.
Your centaur unwields an uncursed shortbow.
Your centaur hits the hound. Erica casts a spell at you.
The orb of energy hits your killer bee.
Your killer bee dies!
The orb of energy explodes!
The mystic blast hits you!
Ouch! That really hurt!
You die...
Your body crumbles into a pile of gold.

#.....#######...#............∩..
#.....####......)[##..###.......
#.....##.......)).....##........
#.........##.##.................
######....##.##..#.##...########
####...@.......#.#..### ####
#....#.##.#(##h#...## #...
##.........#@$c<#...# ####.##
###...........##@.#.#.# #....#
#...(...##(##.##....#>#####.####
#.##....##.##...........##..##
####....##.....##............##
.......####.....#.......####..###
.......# ##..#.#.......# ##....
.......### #..#...>.....#######.#
.........###..##....######?......
............^..#....######.$.$###


You could see Erica, a hound and a friendly centaur.

Vanquished Creatures
  A queen bee (D:8)
  Eustachio (D:6)
  Edmund (D:6)
  Duvessa (D:4)
  An ice beast (D:6)
  A necrophage (D:4)
  2 phantoms
  A black bear (D:3)
  2 ogres
  4 big kobolds (Sewer)
  A bullfrog (D:6)
  A scorpion (D:7)
  A wyvern skeleton (D:6)
  Dowan (D:4)
  4 killer bees (D:8)
  2 jellies
  3 crimson imps
  2 bullfrog zombies
  6 hounds
  3 orc priests
  2 centaur skeletons (D:6)
  2 orc wizards
  2 worker ants
  A killer bee zombie (D:5)
  A hound zombie (D:5)
  Robin (D:4)
  A howler monkey skeleton (D:6)
  6 adders
  2 gnolls
  5 oozes
  10 worms
  2 dart slugs (D:1)
  7 leopard geckos
  14 orcs
  6 giant cockroaches
  8 goblins
  4 hobgoblins
  11 jackals
  15 kobolds
  3 quokkas
  5 ball pythons
  8 bats
  7 frilled lizards
  A leopard gecko skeleton (D:6)
  13 rats
176 creatures vanquished.

Vanquished Creatures (collateral kills)
  5 killer bees (D:8)
  A crimson imp (D:8)
  An adder (D:3)
  2 orcs (D:5)
  3 goblins (D:4)
12 creatures vanquished.

Vanquished Creatures (others)
  5 killer bees (D:8)
  A bullfrog zombie (D:6)
  An orc priest (D:5)
  A goblin (D:4)
8 creatures vanquished.

Grand Total: 196 creatures vanquished

Notes
Turn   | Place    | Note
-------+----------+-------------------------------------------
     0 | D:1      | M4edhros the Octopode Artificer began the quest for the Orb.
     0 | D:1      | Reached XP level 1. HP: 13/13 MP: 3/3
   160 | D:1      | Reached skill level 2 in Stealth
   213 | D:1      | Reached skill level 3 in Stealth
   213 | D:1      | Reached XP level 2. HP: 9/18 MP: 4/4
   697 | D:2      | Reached skill level 4 in Stealth
   710 | D:2      | Reached XP level 3. HP: 19/23 MP: 5/5
   785 | D:3      | Noticed a black bear
   806 | D:3      | Found a basalt altar of Yredelemnul.
  1004 | D:3      | Found a shattered altar of Ashenzari.
  1011 | D:3      | Reached skill level 5 in Stealth
  1075 | D:4      | Noticed Robin
  1086 | D:4      | Reached XP level 4. HP: 16/28 MP: 6/6
  1152 | D:4      | Noticed Dowan
  1153 | D:4      | Noticed Duvessa
  1164 | D:4      | Killed Dowan
  1164 | D:4      | Reached skill level 6 in Stealth
  1164 | D:4      | Reached XP level 5. HP: 25/33 MP: 7/7
  1165 | D:4      | Killed Duvessa
  1165 | D:4      | Reached skill level 8 in Stealth
  1183 | D:4      | Found a glowing drain.
  1187 | Sewer    | Entered a sewer
  1333 | Sewer    | Noticed a big kobold
  1344 | Sewer    | Killed a big kobold
  1344 | Sewer    | Reached XP level 6. HP: 26/38 MP: 8/8
  1384 | Sewer    | Reached skill level 9 in Stealth
  1548 | Sewer    | Reached skill level 10 in Stealth
  1548 | Sewer    | Reached XP level 7. HP: 37/43 MP: 9/9
  2029 | D:5      | Entered Level 5 of the Dungeon
  2159 | D:5      | Reached skill level 11 in Stealth
  2375 | D:5      | Reached skill level 1 in Shields
  2853 | D:4      | Killed Robin
  2931 | D:4      | Reached XP level 8. HP: 43/48 MP: 10/10
  2934 | D:4      | Found a staircase to the Ecumenical Temple.
  2941 | Temple   | Entered the Ecumenical Temple
  3164 | Temple   | Became a worshipper of Gozag Ym Sagoz the Greedy
  5179 | D:6      | Noticed Eustachio
  5187 | D:6      | Killed Eustachio
  5200 | D:6      | Noticed Edmund
  5209 | D:6      | Gained mutation: Your muscles are strong. (Str +2) [potion of mutation]
  5209 | D:6      | Gained mutation: Your mind is acute. (Int +2) [potion of mutation]
  5209 | D:6      | Gained mutation: You possess an exceptional clarity of mind. [potion of mutation]
  5210 | D:6      | Gained mutation: You are agile. (Dex +2) [potion of mutation]
  5210 | D:6      | Gained mutation: One of your tentacles bears a spike. [potion of mutation]
  5210 | D:6      | Lost mutation: Your mind is acute. (Int +2) [potion of mutation]
  5211 | D:6      | Gained mutation: You are somewhat resistant to further mutation. [potion of mutation]
  5211 | D:6      | Lost mutation: You are agile. (Dex +2) [potion of mutation]
  5212 | D:6      | Lost mutation: You possess an exceptional clarity of mind. [potion of cure mutation]
  5212 | D:6      | Lost mutation: One of your tentacles bears a spike. [potion of cure mutation]
  5213 | D:6      | Lost mutation: Your muscles are strong. (Str +2) [potion of cure mutation]
  5213 | D:6      | Lost mutation: You are somewhat resistant to further mutation. [potion of cure mutation]
  5254 | D:6      | Killed Edmund
  5308 | D:6      | Reached skill level 12 in Stealth
  5308 | D:6      | Reached XP level 9. HP: 37/57 MP: 11/11
  5314 | D:6      | Reached skill level 5 in Dodging
  5395 | D:6      | Found Voxoq's Food Emporium.
  5651 | D:6      | Found a stormy altar of Qazlal.
  5651 | D:6      | Found a sparkling altar of Nemelex Xobeh.
  6127 | D:7      | Reached skill level 1 in Slings
  6439 | D:8      | Found Minamus's Distillery.
  6498 | D:8      | Noticed Erica
  6658 | D:8      | Noticed a queen bee
  6691 | D:8      | Killed a queen bee
  6999 | D:8      | Killed from afar by Erica

Vault maps used:
D:1:      lemuel_arrival_room, minmay_pentomino_u4
D:3:      ashenzari_altar_1, yredelemnul_altar_generic
D:4:      minmay_temple_entry_butterflies, gup_sewer_entry_bowl,
          item_on_display_a, uniq_duvessa, uniq_robin
D:5:      first_bread, minivault_11, serial_bayou_crossing
D:6:      gammafunk_temple_overflow_wave, serial_shops, shop, uniq_eustachio,
          uniq_edmund
D:8:      cheibrodos_quashed, serial_shops, shop, david_nohive_1, uniq_erica
Temple:   dpeg_five_rooms_temple
Sewer:    sewer_co_tree

Skill      XL: |  1  2  3  4  5  6  7  8  9 |
---------------+----------------------------+-----
Stealth        | 3 4 5 6 8 10 11 12 | 12.5
Shields        | 1 3 4 |  4.2
Dodging        | 3 4 6 |  6.8
Fighting       | 3 4 |  4.2
Slings         | 3 |  3.3
Short Blades   | |  1.0
Evocations     | |  3.2

Action                   |  1- 3 |  4- 6 |  7- 9 || total
-------------------------+-------+-------+-------++-------
Melee: Short sword       |    61 |    39 |    50 ||   150
       Constrict         |    17 |     8 |    64 ||    89
       Tentacles         |    13 |     6 |    45 ||    64
       Dagger            |       |       |   272 ||   272
Invok: Call Merchant     |       |       |     1 ||     1
Evoke: Wand              |     5 |    11 |    26 ||    42
  Use: Potion            |       |     1 |    13 ||    14
       Scroll            |       |       |     7 ||     7
 Stab: Sleeping          |     6 |     8 |    45 ||    59
       Distracted        |       |       |     2 ||     2
  Eat: Chunk             |       |     2 |     4 ||     6
       Royal jelly       |       |       |     4 ||     4
       Bread ration      |       |       |     1 ||     1
Armor: Skin              |     4 |     2 |    12 ||    18
Dodge: Dodged            |    31 |    27 |   181 ||   239
Block: Buckler           |       |       |    89 ||    89
